 Dungeon Crawl Stone Soup version 0.22.1-2-g9c5b331383 (webtiles) character file.

3237 Gargoyl the Covered (level 9, 0/111 HPs)
             Began as a Centaur Abyssal Knight on Nov 13, 2018.
             Was an Elder of Lugonu.
             Slain by a two-headed ogre
             ... wielding a +0 giant spiked club
              (21 damage)
             ... on level 8 of the Dungeon.
             The game lasted 00:13:06 (11038 turns).

Gargoyl the Covered (Centaur Abyssal Knight)       Turns: 11038, Time: 00:13:06

Health: 0/111      AC: 24    Str: 17    XL:     9   Next: 66%
Magic:  13/13      EV:  1    Int: 13    God:    Lugonu [****..]
Gold:   469        SH:  0    Dex: 10    Spells: 8/8 levels left

rFire    + . .     SeeInvis .   f - +1 short sword (drain)
rCold    . . .     Gourm    .   (no shield)
rNeg     + + +     Faith    .   (armour currently unavailable)
rPois    +         Spirit   .   (helmet currently unavailable)
rElec    .         Reflect  .   (cloak currently unavailable)
rCorr    .         Harm     .   (gloves currently unavailable)
MR       .....     NoTele   +   (no barding)
Stlth    +.........             (no amulet)
HPRegen  0.28/turn              j - ring of flight
MPRegen  0.13/turn              l - ring of protection from fire

@: tree-form
A: large, clever 1
a: Depart the Abyss, Bend Space, Banish, Corrupt, Renounce Religion


You were on level 8 of the Dungeon.
You worshipped Lugonu.
Lugonu was greatly pleased with you.
You were not hungry.
You were a tree.
You visited 1 branch of the dungeon, and saw 8 of its levels.
You visited the Abyss 1 time.

You collected 599 gold pieces.
You spent 130 gold pieces at shops.

Inventory:

Hand Weapons
 a - a +2 hand axe
 f - a +1 short sword of draining (weapon)
Armour
 d - a +0 pair of gloves (melded)
 p - a +2 helmet of see invisible
 A - a +0 plate armour (melded)
Jewellery
 j - a ring of flight (left branch)
 l - a ring of protection from fire (right branch)
 u - an uncursed ring of magical power {unknown}
Scrolls
 m - 11 scrolls of remove curse
 n - a scroll of blinking {unknown}
 q - 4 scrolls of amnesia
 r - a scroll of teleportation
 s - 5 scrolls of identify
 y - a scroll of immolation
Potions
 b - a potion of agility
 e - a potion of brilliance
 g - 2 potions of lignification
 h - 2 potions of flight
 i - 2 potions of might
 k - 8 potions of curing
 o - 4 potions of heal wounds
 t - 2 potions of haste
 w - a potion of invisibility {unknown}
Comestibles
 c - 6 rations


   Skills:
 + Level 5.3 Fighting
 + Level 4.6 Short Blades
 + Level 4.4 Axes
 * Level 6.9 Armour
 + Level 2.3 Dodging
 * Level 6.3 Invocations


You had 8 spell levels left.
You didn't know any spells.
Your spell library contained the following spells:

 Spells                   Type           Power        Failure   Level  Hunger
 Infusion                 Chrm           #...         30%         1    ##.....
 Magic Dart               Conj           #...         30%         1    ##.....
 Blink                    Tloc           N/A          43%         2    ###....
 Call Imp                 Summ           #.......     43%         2    ###....
 Slow                     Hex            #.......     43%         2    ###....
 Song of Slaying          Chrm           #.......     43%         2    ###....
 Conjure Flame            Conj/Fire      #.......     67%         3    ####...
 Mephitic Cloud           Conj/Pois/Air  #.......     67%         3    ####...
 Ozocubu's Armour         Chrm/Ice       #.......     67%         3    ####...
 Excruciating Wounds      Chrm/Necr      #.........   100%        5    ######.
 Deflect Missiles         Chrm/Air       #.........   100%        6    #######


Dungeon Overview and Level Annotations

Branches:
Dungeon (8/15)             Temple (0/1) D:5
   Lair: D:8-11

Altars:
Elyvilon
Fedhas
Gozag
Kikubaaqudgha
Makhleb
Nemelex Xobeh
Qazlal
Uskayaw
Vehumet
Xom
Yredelemnul
The Shining One

Shops:
D:4 *   D:6 %


Innate Abilities, Weirdness & Mutations

((You have hooves in place of feet.))
((Armour fits poorly on your strangely shaped body.))
((You cover ground very quickly.))
((You have extremely tough skin. (AC +3)))
((You have a pair of small antennae on your head.))
Your mind is acute. (Int +2)
((Your system is resistant to poisons. (rPois)))


Message History

You kick the two-headed ogre!
The two-headed ogre is heavily wounded.
You hit the two-headed ogre but do no damage.
You kick the two-headed ogre!
The two-headed ogre is severely wounded.
The two-headed ogre hits you with a giant spiked club! x2
Your plate armour prevents you from hitting the two-headed ogre.
You kick the two-headed ogre!
The two-headed ogre is almost dead.
The two-headed ogre hits you with a giant spiked club!!
* * * LOW HITPOINT WARNING * * *
The two-headed ogre barely misses you.
You hit the two-headed ogre.
The two-headed ogre is almost dead.
You turn into a tree.
Your +0 pair of gloves melds into your body.
Your +0 plate armour melds into your body.
Your roots penetrate the ground.
The two-headed ogre hits you with a giant spiked club!!
You die...

#.......# #.......####
##############..........#
#.........[..........##.#
#.############.......##.#
#.# ##.≈# ###.....##.#
#.# #.≈##### ##.#####.#
#.# ##..#.O.####.# #.# #
#.# #..≈'♣#.'%##.#####.#
# #.#
#...#...####.......###
#.# #..≈##### #######....
#)# #.#.≈# #.......## #.#
#.#### #.####.... #.# #.#
#.# #.### #.# #.# #.##
#.# # #.# #.# #..###.#
#.# #.# #......#


You could see a two-headed ogre.

Vanquished Creatures
  The ghost of coier the Firebug, an amateur GnWn (D:4)
  Prince Ribbit (D:7)
  Sigmund (D:5)
  A hungry ghost (D:8)
  2 chaos spawn (D:8)
  An orc warrior (D:6)
  4 sky beasts
  4 ogres
  An ice beast (D:7)
  2 centaurs
  2 bullfrogs
  2 howler monkeys (D:4)
  A centaur skeleton (D:5)
  2 hounds
  4 orc priests
  A bullfrog skeleton (D:8)
  4 jellies
  9 orc wizards
  An iguana (D:5)
  A worker ant (D:5)
  2 hound skeletons
  Robin (D:3)
  A howler monkey zombie (D:5)
  4 gnolls (D:2)
  11 adders
  A shadow imp (D:6)
  5 oozes (D:8)
  4 worms
  2 dart slugs
  7 leopard geckos
  19 orcs
  3 giant cockroaches
  12 goblins
  8 hobgoblins
  10 jackals
  A quokka (D:3)
  4 ball pythons
  7 bats
  6 frilled lizards
  7 kobolds
  A leopard gecko skeleton (D:4)
  5 rats
166 creatures vanquished.

Vanquished Creatures (others)
  An orc warrior (D:6)
  An orc wizard (D:5)
2 creatures vanquished.

Grand Total: 168 creatures vanquished

Notes
Turn   | Place    | Note
-------+----------+-------------------------------------------
     0 | Abyss:1  | Gargoyl the Centaur Abyssal Knight began the quest for the
                  | Orb.
     0 | Abyss:1  | Reached XP level 1. HP: 19/19 MP: 2/2
    50 | Abyss:1  | Noticed a cacodemon
    51 | D:1      | Escaped the Abyss
   146 | D:1      | Reached * piety under Lugonu
   318 | D:1      | Reached XP level 2. HP: 26/26 MP: 3/3
  1026 | D:1      | Reached XP level 3. HP: 11/31 MP: 4/4
  1295 | D:2      | Reached skill level 1 in Dodging
  1770 | D:2      | Noticed a sky beast
  1803 | D:2      | Killed a sky beast
  1803 | D:2      | Reached XP level 4. HP: 38/38 MP: 4/6
  1803 | D:2      | Reached XP level 5. HP: 45/45 MP: 4/7
  1924 | D:2      | Reached ** piety under Lugonu
  2802 | D:3      | Noticed Robin
  2839 | D:3      | Killed Robin
  2974 | D:3      | Found a basalt altar of Yredelemnul.
  3049 | D:3      | Found a burning altar of Makhleb.
  3057 | D:3      | Reached skill level 1 in Short Blades
  3057 | D:3      | Reached XP level 6. HP: 50/52 MP: 8/8
  3274 | D:3      | Found a stormy altar of Qazlal.
  3275 | D:3      | Found a blossoming altar of Fedhas.
  3566 | D:4      | Found Uvoaloav's Assorted Antiques.
  3570 | D:4      | Bought a shiny ivory ring for 130 gold pieces
  3818 | D:4      | HP: 1/52 [ogre/giant club (13)]
  4473 | D:4      | Reached XP level 7. HP: 21/58 MP: 9/9
  5027 | D:4      | Found a runed door.
  5032 | D:4      | Noticed coier's ghost (amateur GnWn)
  5255 | D:4      | Killed coier's ghost
  5373 | D:5      | Entered Level 5 of the Dungeon
  5456 | D:5      | Reached *** piety under Lugonu
  5538 | D:5      | Noticed Sigmund
  5598 | D:5      | Killed Sigmund
  5598 | D:5      | Reached XP level 8. HP: 43/66 MP: 11/11
  5725 | D:5      | Found a staircase to the Ecumenical Temple.
  5849 | D:5      | Reached skill level 5 in Armour
  6362 | D:6      | Found an ancient bone altar of Kikubaaqudgha.
  6467 | D:6      | Reached skill level 5 in Invocations
  6962 | D:6      | Found Miutiug's Food Shop.
  7259 | D:6      | Found a hide-covered altar of Uskayaw.
  7600 | D:6      | Found a sparkling altar of Nemelex Xobeh.
  7604 | D:6      | Found an opulent altar of Gozag.
  7610 | D:6      | Reached XP level 9. HP: 73/73 MP: 13/13
  7627 | D:6      | HP: 3/73 [orc warrior/hand axe (9)]
  7632 | D:6      | Reached skill level 5 in Fighting
  8388 | D:7      | Found a white marble altar of Elyvilon.
  8529 | D:7      | Noticed Prince Ribbit
  8540 | D:7      | Killed Prince Ribbit
  8950 | D:8      | Gained mutation: You have a pair of small antennae on your
                  | head. [potion of mutation]
  8950 | D:8      | Gained mutation: Your system is resistant to poisons.
                  | (rPois) [potion of mutation]
  8950 | D:8      | Gained mutation: Your mind is acute. (Int +2) [potion of
                  | mutation]
  9140 | D:8      | Found a glowing golden altar of the Shining One.
  9199 | D:8      | Found a shimmering altar of Xom.
  9202 | D:8      | Found the +7 mace of Variability {chain chaos}
 10044 | D:8      | Found a radiant altar of Vehumet.
 10263 | D:8      | Reached **** piety under Lugonu
 10649 | D:8      | Identified the Tome of Good Luck
 11028 | D:8      | Noticed a two-headed ogre
 11038 | D:8      | Slain by a two-headed ogre

Skill      XL: |  1  2  3  4  5  6  7  8  9 |
---------------+----------------------------+-----
Axes           | 2 3 4 |  4.4
Armour         | 2 3 4 5 6 |  6.9
Dodging        | 1 2 |  2.3
Invocations    | 3 4 5 6 |  6.3
Short Blades   | 1 2 3 4 |  4.6
Fighting       | 4 5 |  5.3

Action                   |  1- 3 |  4- 6 |  7- 9 || total
-------------------------+-------+-------+-------++-------
Melee: Hand axe          |   101 |       |   108 ||   209
       Kick              |    15 |    32 |   106 ||   153
       Short sword       |    15 |   192 |   317 ||   524
       Unarmed           |       |     5 |       ||     5
Invok: Depart the Abyss  |     1 |       |       ||     1
       Bend Space        |       |       |     1 ||     1
       Banish            |       |       |     1 ||     1
Evoke: Wand              |       |     1 |       ||     1
  Use: Scroll            |     3 |     4 |    13 ||    20
       Potion            |     3 |       |     4 ||     7
  Eat: Chunk             |     2 |     5 |     6 ||    13
       Ration            |       |     1 |     8 ||     9
Armor: Leather armour    |    53 |       |       ||    53
       Ring mail         |    58 |    90 |    12 ||   160
       Skin              |       |     7 |       ||     7
       Chain mail        |       |       |   107 ||   107
       Plate armour      |       |       |   123 ||   123
Dodge: Dodged            |    96 |    70 |    86 ||   252
